 Dungeon Crawl Stone Soup version 0.20.1-1-g8b1a95d (console) character file.

259 rafael the Sneak (level 5, -4/42 HPs)
             Began as a Deep Dwarf Fire Elementalist on Aug 29, 2017.
             Slain by Agrougrou's ghost (8 damage)
             ... on level 4 of the Dungeon.
             The game lasted 00:07:09 (2319 turns).

rafael the Sneak (Deep Dwarf Fire Elementalist)     Turns: 2319, Time: 00:07:10

Health: -4/42      AC:  9    Str: 12    XL:     5   Next: 94%
Magic:  0/7        EV: 11    Int: 16    God:
Gold:   217        SH:  2    Dex: 13    Spells: 3/7 levels left

rFire    . . .     SeeInvis .   j - +0 hand axe
rCold    . . .     Gourm    .   (no shield)
rNeg     . . .     Faith    .   r - +1 ring mail (curse)
rPois    .         Spirit   .   f - +2 helmet
rElec    .         Reflect  +   (no cloak)
rCorr    .         Harm     .   (no gloves)
MR       .....                  (no boots)
Stlth    ++........             p - +2 amulet of reflection (curse)
Regen    0.0/turn               (no ring)
MPRegen  0.1/turn               (no ring)

@: very slightly contaminated, non-regenerating
A: damage resistance, heal wounds, sense surroundings 1, no regeneration
a: Heal Wounds


You were on level 4 of the Dungeon.
You were very hungry.

You visited 1 branch of the dungeon, and saw 4 of its levels.

You collected 217 gold pieces.

Inventory:

Hand Weapons
 e - a +0 dagger
 j - a +0 hand axe (weapon)
Missiles
 l - 33 poisoned needles
 o - 6 needles of confusion
Armour
 a - a +0 robe
 f - a +2 helmet (worn)
 r - a cursed +1 ring mail (worn)
Jewellery
 p - a cursed +2 amulet of reflection (around neck)
Wands
 v - a wand of flame (35/48)
Scrolls
 i - 3 scrolls of recharging
 m - 5 scrolls of identify
 n - 3 scrolls of teleportation
 q - a scroll of amnesia {unknown}
 t - a scroll of remove curse {unknown}
Potions
 k - a potion of agility {unknown}
Books
 b - a book of Flames

   Spells                             Type                      Level
   a - Flame Tongue                   Conjuration/Fire             1
   b - Throw Flame                    Conjuration/Fire             2
   c - Conjure Flame                  Conjuration/Fire             3
   d - Inner Flame                    Hexes/Fire                   3
   e - Sticky Flame                   Conjuration/Fire             4
   f - Fireball                       Conjuration/Fire             5
Comestibles
 c - 4 bread rations
 d - 2 meat rations
 g - 3 fruits
 s - a royal jelly


   Skills:
 - Level 2.1 Dodging
 + Level 5.0 Stealth
 - Level 1.7 Spellcasting
 + Level 2.9 Conjurations
 + Level 4.1 Fire Magic
 + Level 1.1 Evocations


You had 3 spell levels left.
You knew the following spells:

 Your Spells              Type           Power        Failure   Level  Hunger
a - Flame Tongue          Conj/Fire      ##...        11%         1    ##.....
b - Conjure Flame         Conj/Fire      ##......     32%         3    ####...


Dungeon Overview and Level Annotations

Branches:
Dungeon (4/15)
 Temple: D:4-7

Altars:
Qazlal
Vehumet

Annotations:
D:4 Agrougrou's ghost, amateur DsFi


Innate Abilities, Weirdness & Mutations

You are resistant to damage.
You can heal yourself by infusing magical energy.
You passively map a small area around you.
You do not regenerate.


Message History

* * * LOW HITPOINT WARNING * * *
Casting: Flame Tongue
Confirm with . or Enter, or press ? or * to list all spells.
Aiming: Flame Tongue
Press: ? - help, Shift-Dir - straight line, f/p - Agrougrou's ghost
Aim: Agrougrou's ghost (lightly damaged)
The flame tongue hits Agrougrou's ghost.
Agrougrou's ghost is lightly damaged.
You block Agrougrou's ghost's attack.
Evoke which item? (* to show all) (? for menu, Esc to quit)
Aiming: Throw Flame
Press: ? - help, Shift-Dir - straight line, f/p - Agrougrou's ghost
Aim: Agrougrou's ghost (lightly damaged)
The puff of flame hits Agrougrou's ghost.
Agrougrou's ghost appears unharmed.
Agrougrou's ghost is lightly damaged.
This wand has 35 charges left.
You hear the slow rusting of a drain nearby.
Agrougrou's ghost hits you!
You die...

##############
#........W@..#
#.≈#########.#
* #...# #.#
#...#≈≈# #.##
#.###≈≈# ##.##
# #≈≈# ≈* ##.##
* , #≈≈# ##.#
####### * ,
#≈≈#
##.######......
* #≈≈# ,
#...[.....#####


You could see Agrougrou's ghost.

Vanquished Creatures
  A bullfrog (D:2)
  An orc priest (D:3)
  Terence (D:3)
  Robin (D:2)
  4 adders
  2 oozes
  2 worms
  2 dart slugs (D:3)
  5 orcs (D:3)
  5 giant cockroaches
  5 hobgoblins
  6 kobolds
  2 quokkas
  4 bats
  A frilled lizard (D:2)
  19 goblins
  5 rats
66 creatures vanquished.

Notes
Turn   | Place    | Note
-------+----------+-------------------------------------------
     0 | D:1      | rafael the Deep Dwarf Fire Elementalist began the quest for the Orb.
     0 | D:1      | Reached XP level 1. HP: 15/15 MP: 3/3
    30 | D:1      | Reached skill level 1 in Conjurations
   164 | D:1      | Reached XP level 2. HP: 22/22 MP: 2/4
   219 | D:1      | Reached skill level 3 in Stealth
   676 | D:2      | Reached XP level 3. HP: 25/28 MP: 3/5
   843 | D:2      | Learned a level 3 spell: Conjure Flame
   962 | D:2      | Noticed Robin
  1124 | D:2      | Found a stormy altar of Qazlal.
  1201 | D:2      | Killed Robin
  1201 | D:2      | Reached XP level 4. HP: 27/36 MP: 0/6
  1226 | D:2      | Reached skill level 4 in Stealth
  1275 | D:2      | Noticed a bullfrog
  1284 | D:2      | Killed a bullfrog
  1284 | D:2      | Reached XP level 5. HP: 32/42 MP: 0/7
  1673 | D:3      | Noticed Terence
  1726 | D:3      | Killed Terence
  1726 | D:3      | Reached skill level 5 in Stealth
  1761 | D:3      | Found a faded altar of an unknown god.
  1847 | D:3      | Reached skill level 1 in Evocations
  2053 | D:3      | Found a radiant altar of Vehumet.
  2295 | D:4      | Noticed Agrougrou's ghost (amateur DsFi)
  2319 | D:4      | Slain by Agrougrou's ghost

Skill      XL: |  1  2  3  4  5 |
---------------+----------------+-----
Conjurations   | 1 2 |  2.9
Stealth        | 3 4 5 |  5.0
Fire Magic     | 3 4 |  4.1
Evocations     | 1 |  1.1
Dodging        | |  2.1
Spellcasting   | |  1.7

Action                   |  1- 3 |  4- 6 || total
-------------------------+-------+-------++-------
Melee: Hand axe          |    26 |    53 ||    79
 Cast: Flame Tongue      |    58 |    56 ||   114
Evoke: Wand              |       |    13 ||    13
  Use: Scroll            |     6 |       ||     6
       Potion            |       |     6 ||     6
  Eat: Chunk             |     2 |     4 ||     6
Armor: Robe              |    10 |       ||    10
       Ring mail         |    13 |    26 ||    39
       Skin              |       |     1 ||     1
Dodge: Dodged            |    37 |    56 ||    93
Block: Other             |       |     1 ||     1
